 Dungeon Crawl Stone Soup version 0.30.0-29-ga12c61a403 (webtiles) character file.

Game seed: 12196450496027569564

38 GimliDwarf the Gusty (level 3, 0/19 HPs)
             Began as a Tengu Air Elementalist on June 7, 2023.
             Was a Follower of Kikubaaqudgha.
             Succumbed to an adder's poison
             ... on level 2 of the Dungeon.
             The game lasted 00:04:16 (925 turns).

GimliDwarf the Gusty (Tengu Air Elementalist)        Turns: 925, Time: 00:04:17

Health: 0/19       AC:  2    Str:  8    XL:     3   Next: 43%
Magic:  5/7        EV: 12    Int: 17    God:    Kikubaaqudgha [*.....]
Gold:   81         SH:  0    Dex: 14    Spells: 3/6 levels left

rFire   . . .        d - +1 short sword (drain)
rCold   . . .        (no shield)
rNeg    . . .        a - +0 robe
rPois   .            (helmet restricted)
rElec   .            (no cloak)
rCorr   .            (no gloves)
SInv    .            (boots unavailable)
Will    .....        (no amulet)
Stlth   ++           (no ring)
HPRegen 0.23/turn    (no ring)
MPRegen 0.10/turn

%: no passive effects
@: lethally poisoned (0 -> -2), very slightly contaminated
A: beak, talons 3
a: Renounce Religion, Unearth Wretches


You were on level 2 of the Dungeon.
You worshipped Kikubaaqudgha.
Kikubaaqudgha was aware of your devotion.
You visited 1 branch of the dungeon, and saw 2 of its levels.

You collected 81 gold pieces.

Inventory:

Hand Weapons
 d - a +1 short sword of draining (weapon)
Armour
 a - a +0 robe (worn)
Scrolls
 f - a scroll of identify {unknown}
 g - a scroll of immolation {unknown}
 k - a scroll of fear {unknown}
 l - a scroll of teleportation {unknown}
Potions
 c - a potion of might {unknown}
 e - a potion of cancellation {unknown}
 h - a potion of curing {unknown}
 i - a potion of flight {unknown}
 j - 3 potions of attraction {unknown}


   Skills:
 - Level 2.1 Dodging
 - Level 2.0 Stealth
 + Level 2.3 Spellcasting
 * Level 2.6 Conjurations
 * Level 0.9 Necromancy
 + Level 4.7 Air Magic


You had 3 spell levels left.
You knew the following spells:

 Your Spells              Type           Power      Damage    Failure   Level
a - Shock                 Conj/Air       56%        1d6       4%          1
b - Static Discharge      Conj/Air       28%        2-4/arc   6%          2

Your spell library contained the following spells:

 Spells                   Type           Power      Damage    Failure   Level
 Swiftness                Air            18%        N/A       8%          3
 Kiss of Death            Conj/Necr      32%        2d7       9%          1
 Necrotise                Necr           20%        1d5       13%         1
 Slow                     Hex            4%         N/A       19%         1
 Sublimation of Blood     Necr           5%         N/A       19%         2
 Ensorcelled Hibernation  Hex/Ice        2%         N/A       28%         2
 Passwall                 Tmut/Erth      0%         N/A       28%         2
 Vampiric Draining        Necr           5%         2d6       36%         3
 Confusing Touch          Hex            1%         N/A       50%         3
 Airstrike                Air            9%         2d(2-18)  26%         4


Dungeon Overview and Level Annotations

Branches:
Dungeon (2/15)

Altars:
Kikubaaqudgha

Annotations:
D:2 Robin


Innate Abilities, Weirdness & Mutations

You have a beak for a mouth.
You have claws for feet.


Message History

The zap misses the adder. x2
The goblin shouts!
The goblin shouts! x3
You feel sick.
An adder comes into view.
The adder bites you.
* * * LOW HITPOINT WARNING * * *
You are lethally poisoned!
The adder poisons you! The adder misses you.
The goblin hits you but does no damage.
Robin of the Strong Arm comes into view.
They are wielding a +0 whip.
Aiming: Shock (safe; 4% risk of failure)
Press: ? - help, Q - select action, (/) - cycle Shift-Dir - straight line You miscast Shock.
You are very lightly contaminated with residual magic.
Nothing appears to happen.
Robin shouts!
* * * LOW HITPOINT WARNING * * *
You feel sick.
You hear a shout!
The adder closely misses you. The goblin closely misses you.
A goblin comes into view. It is wielding a +0 club.
Aiming: Shock (safe; 4% risk of failure)
Press: ? - help, Q - select action, (/) - cycle Shift-Dir - straight line The zap hits the adder.
You kill the adder!
Kikubaaqudgha accepts your kill.
* * * LOW HITPOINT WARNING * * *
You feel sick.
A goblin comes into view. It is wielding a +0 club.
The goblin barely misses you. The goblin attacks as you move away!
The goblin hits you but does no damage.
* * * LOW HITPOINT WARNING * * *
You feel sick.
You see here an adder corpse.
* * * LOW HITPOINT WARNING * * *
You feel sick.
A hobgoblin comes into view.
You die...
Kikubaaqudgha rasps: "You have failed me!
Welcome... death!"

#.#...........[....
##..............#....
#.......##.....##.#..
#(.!....#...#........
#.$..............#...
#.......<.......#....
#..................#
####..............##
#...@##..........##
#....##...##.#..##
#.g####...##.#...#
#.g# #........#.##
#.## #...##.###.<# #g
#......# ##.... gS
..### .#...


gg. # (. ... .g.. ... ... You could see 6 goblins.

Vanquished Creatures
  2 adders (D:2)
  A bat (D:1)
  2 endoplasms (D:1)
  A giant cockroach (D:1)
  4 goblins (D:1)
  A hobgoblin (D:1)
  A quokka (D:1)
  2 ball pythons
  A frilled lizard (D:1)
  4 kobolds (D:1)
19 creatures vanquished.

Notes
Turn   | Place    | Note
-------+----------+-------------------------------------------
     0 | D:1      | GimliDwarf the Tengu Air Elementalist began the quest for
                  | the Orb.
     0 | D:1      | Reached XP level 1. HP: 10/10 MP: 4/4
   237 | D:1      | Reached XP level 2. HP: 15/15 MP: 4/6
   240 | D:1      | Learned a level 2 spell: Static Discharge
   337 | D:1      | Found a faded altar of an unknown god.
   847 | D:1      | Prayed at the altar of an unknown god.
   847 | D:1      | Became a worshipper of Kikubaaqudgha
   847 | D:1      | Reached * piety under Kikubaaqudgha
   847 | D:1      | Received a gift from Kikubaaqudgha
   917 | D:2      | Reached XP level 3. HP: 19/19 MP: 1/7
   920 | D:2      | Noticed Robin
   925 | D:2      | Succumbed to an adder's poison

Illustrated notes

Levels and vault maps discovered:
D:1:      onia_arrival_pyramid, layout_basic, hellmonk_ecumenical_altar_lost_god
D:2:      layout_rooms, kennysheep_generic_room_9, uniq_robin

Skill      XL: |  1  2 |
---------------+-------+-----
Conjurations   | 2 |  2.6
Dodging        | |  2.1
Stealth        | |  2.0
Spellcasting   | |  2.3
Necromancy     | |  0.9
Air Magic      | |  4.7

Action                     || total
---------------------------++-------
  Melee: Short sword       ||     1
   Cast: Shock             ||    44
    Use: Potion            ||     1
 Armour: Robe              ||     5
  Dodge: Dodged            ||    13
